 Dungeon Crawl Stone Soup version 0.26.1-10-gdfb7c7de75 (webtiles) character file.

Game seed: 5532905981385935797

48 vvl the Firebug (level 3, 0/24 HPs)
             Began as a Demonspawn Fire Elementalist on Apr 9, 2021.
             Slain by a gnoll
             ... wielding a +0 whip
              (6 damage)
             ... on level 2 of the Dungeon.
             The game lasted 00:05:54 (2211 turns).

vvl the Firebug (Demonspawn Fire Elementalist)      Turns: 2211, Time: 00:05:55

Health: 0/24       AC:  3    Str:  8    XL:     3   Next: 50%
Magic:  1/6        EV: 12    Int: 17    God:
Gold:   73         SH:  0    Dex: 13    Spells: 5/6 levels left

rFire    . . .     SeeInvis .   e - +0 short sword
rCold    . . .     Faith    .   (no shield)
rNeg     . . .     Spirit   .   a - +0 robe
rPois    .         Reflect  .   (no helmet)
rElec    .         Harm     .   (no cloak)
rCorr    .         Rampage  .   (no gloves)
Will     .....                  g - +0 pair of boots
Stlth    +++.......             (no amulet)
HPRegen  0.08/turn              c - ring of stealth
MPRegen  0.10/turn              (no ring)

@: very slightly contaminated
A: foul stench 1, miasma immunity
a: no special abilities


You were on level 2 of the Dungeon.
You visited 1 branch of the dungeon, and saw 2 of its levels.

You collected 73 gold pieces.

Inventory:

Hand Weapons
 e - a +0 short sword (weapon)
Armour
 a - a +0 robe (worn)
 g - a +0 pair of boots (worn)
 k - a +3 scale mail
Jewellery
 c - a ring of stealth (left hand)
 i - an uncursed ring of willpower {unknown}
Scrolls
 d - 3 scrolls of identify {unknown}
 h - a scroll of immolation {unknown}
 j - a scroll of fear {unknown}
Potions
 b - a potion of heal wounds {unknown}
 f - a potion of brilliance {unknown}


   Skills:
 - Level 1.7 Dodging
 - Level 1.7 Stealth
 + Level 2.4 Spellcasting
 + Level 1.8 Conjurations
 + Level 1.0 Necromancy
 + Level 3.4 Fire Magic


You had 5 spell levels left.
You knew the following spells:

 Your Spells              Type           Power        Failure   Level
a - Foxfire               Conj/Fire      40%          6%          1

Your spell library contained the following spells:

 Spells                   Type           Power        Failure   Level
 Conjure Flame            Conj/Fire      10%          19%         3
 Inner Flame              Hex/Fire       7%           28%         3
 Sticky Flame             Conj/Fire      10%          54%         4
 Fireball                 Conj/Fire      5%           87%         5


Dungeon Overview and Level Annotations

Branches:
Dungeon (2/15)

Altars:


Innate Abilities, Weirdness & Mutations

You may emit foul miasma when damaged in melee.
You are immune to miasma.


Message History

Casting: Foxfire (safe; 6% risk of failure)
Confirm with . or Enter, or press ? or * to list all spells.
You conjure some foxfire!
The gnoll hits you but does no damage.
The foxfire hits the gnoll.
The gnoll is heavily wounded.
The foxfire hits the gnoll.
The gnoll is heavily wounded.
The gnoll hits you with a +0 whip.
* * * LOW HITPOINT WARNING * * *
Things that are here:
a +0 flail; a gnoll corpse
Casting: Foxfire (safe; 6% risk of failure)
Confirm with . or Enter, or press ? or * to list all spells.
You miscast Foxfire.
You are very lightly contaminated with residual magic.
Nothing appears to happen.
The gnoll misses you.
Casting: Foxfire (safe; 6% risk of failure)
Confirm with . or Enter, or press ? or * to list all spells.
You conjure some foxfire!
The gnoll hits you with a +0 whip.
You die...

# #. # .### .
..# #.#.# #
#.#.######## ..
#.....v....# #.#
###>(@v....#
#...###.g#####.#
#......# #.#
#...###)## #.#
#.# #.# ###.###
.. ####.#
#.รท...# .
#....# #.#.#.#
#.#### #.#...#
#.# #.#...#


You could see a gnoll (sick).

Vanquished Creatures
  2 gnolls (D:2)
  A worm (D:2)
  2 dart slugs (D:1)
  A leopard gecko (D:1)
  4 hobgoblins
  A quokka (D:2)
  4 bats (D:1)
  3 frilled lizards (D:1)
  3 kobolds
  6 rats
27 creatures vanquished.

Vanquished Creatures (others)
  16 foxfires
16 creatures vanquished.

Grand Total: 43 creatures vanquished

Notes
Turn   | Place    | Note
-------+----------+-------------------------------------------
     0 | D:1      | vvl the Demonspawn Fire Elementalist began the quest for
                  | the Orb.
     0 | D:1      | Reached XP level 1. HP: 13/13 MP: 3/3
   288 | D:1      | Reached skill level 3 in Fire Magic
   585 | D:1      | Gained mutation: You are immune to miasma. [demonic
                  | ancestry]
   585 | D:1      | Reached XP level 2. HP: 19/19 MP: 5/5
  1934 | D:2      | Gained mutation: You may emit foul miasma when damaged in
                  | melee. [demonic ancestry]
  1934 | D:2      | Reached XP level 3. HP: 9/24 MP: 4/6
  2166 | D:2      | Reached skill level 1 in Necromancy
  2211 | D:2      | Slain by a gnoll

Illustrated notes

Levels and vault maps discovered:
D:1:      sevenhm_arrival_forest_fort_large_3, layout_loops_ring,
          minmay_misc_feat_cross
D:2:      layout_loops_ring, minivault_27, nicolae_ru_sacrificial_ziggurat,
          uniq_jessica

Skill      XL: |  1  2  3 |
---------------+----------+-----
Fire Magic     | 3 |  3.4
Necromancy     | 1 |  1.0
Dodging        | |  1.7
Stealth        | |  1.7
Spellcasting   | |  2.4
Conjurations   | |  1.8

Action                   || total
-------------------------++-------
Melee: Short sword       ||   107
       Unarmed           ||    12
 Cast: Foxfire           ||    11
 Stab: Sleeping          ||     7
Armor: Robe              ||    20
Dodge: Dodged            ||    85
